 Dungeon Crawl Stone Soup version 0.22.1-1-ga44c0e56f4 (webtiles) character file.

14056 Jerry the Grappler (level 11, -9/113 HPs)
             Began as a Troll Monk on Oct 17, 2018.
             Was an Elder of Jiyva.
             Mangled by a death yak (17 damage)
             ... in an ice cave.
             The game lasted 00:37:33 (8800 turns).

Jerry the Grappler (Troll Monk)                     Turns: 8800, Time: 00:37:33

Health: -9/113     AC:  8    Str: 27    XL:     11   Next: 83%
Magic:  0/10       EV: 15    Int:  9    God:    Jiyva [****..]
Gold:   550        SH:  0    Dex: 17    Spells: 10/10 levels left

rFire    + . .     SeeInvis .     - Unarmed
rCold    . . .     Gourm    +   (no shield)
rNeg     . . .     Faith    .   r - +3 robe of Jaurch {rF+ Str+6 Dex+3}
rPois    +         Spirit   +   (helmet restricted)
rElec    .         Reflect  .   (no cloak)
rCorr    +         Harm     .   (gloves unavailable)
MR       .....                  (boots unavailable)
Stlth    ++........             D - amulet of guardian spirit
HPRegen  0.68/turn              f - ring of resist corrosion
MPRegen  0.12/turn              p - +2 ring of strength

@: hasted, very quick
A: large, unfitting armour, claws 3, fast metabolism 3, gourmand, poison
resistance, regeneration 1, shaggy fur 1, tough skin 2, eyeballs 1, translucent
skin 1
a: Request Jelly, Slimify, Renounce Religion


You were in an ice cave.
You worshipped Jiyva.
Jiyva was greatly pleased with you.
You were completely stuffed.

You visited 3 branches of the dungeon, and saw 12 of its levels.
You also visited: Sewer and Ice Cave.

You collected 550 gold pieces.

Inventory:

Hand Weapons
 u - a +2 dagger of flaming
 A - a +2 whip of flaming
Missiles
 k - 32 poisoned needles
 F - 10 curare-tipped needles
Armour
 r - the +3 robe of Jaurch (worn) {rF+ Str+6 Dex+3}
   (You found it on level 9 of the Dungeon)

   It affects your strength (+6).
   It affects your dexterity (+3).
   It protects you from fire.
 E - a +0 cloak
Jewellery
 f - a ring of resist corrosion (left claw)
 p - a +2 ring of strength (right claw)
 t - a +3 ring of intelligence
 D - an amulet of guardian spirit (around neck)
Wands
 g - a wand of paralysis (10)
 j - a wand of random effects (55)
 q - a wand of digging (18)
 z - a wand of disintegration (33)
 J - a wand of polymorph (19)
 K - a wand of iceblast (21)
 L - a wand of acid (7)
Scrolls
 c - 2 scrolls of remove curse
 d - 9 scrolls of identify
 h - 2 scrolls of noise
 m - a scroll of immolation
 o - 2 scrolls of fog
 s - a scroll of summoning {unknown}
 v - a scroll of blinking
 y - a scroll of teleportation
 H - a scroll of fear
 I - a scroll of random uselessness {unknown}
Potions
 i - 3 potions of curing
 l - 3 potions of ambrosia
 n - 5 potions of flight
 w - 2 potions of lignification {unknown}
 x - 2 potions of might {unknown}
 B - a potion of cancellation {unknown}
 C - 2 potions of brilliance {unknown}
 G - 4 potions of heal wounds {unknown}
Comestibles
 a - 16 chunks of flesh
 b - 20 rations


   Skills:
 + Level 8.6 Fighting
 + Level 8.6 Dodging
 - Level 1.1 Stealth
 * Level 13.5 Unarmed Combat


You had 10 spell levels left.
You didn't know any spells.
Your spell library contained the following spells:

 Spells                   Type           Power        Failure   Level  Hunger
 Corona                   Hex            #......      38%         1    ##.....
 Ensorcelled Hibernation  Hex/Ice        #.....       52%         2    ###....
 Confuse                  Hex            #.......     77%         3    ####...
 Dazzling Spray           Conj/Hex       #.....       77%         3    ####...
 Tukima's Dance           Hex            #.......     77%         3    ####...


Dungeon Overview and Level Annotations

Branches:
Dungeon (10/15)            Temple (1/1) D:7            Lair (1/6) D:8
    Orc: D:9-12

Altars:
Ashenzari
Cheibriados
Dithmenos
Elyvilon
Fedhas
Gozag
Hepliaklqana
Kikubaaqudgha
Makhleb
Nemelex Xobeh
Okawaru
Qazlal
Ru
Sif Muna
Trog
Uskayaw
Vehumet
Wu Jian
Xom
Yredelemnul
Zin
The Shining One
Jiyva

Annotations:
D:3 1 runed door
D:7 2 transporters, VendettaCH's ghost, novice GrFi
Lair:1 exclusion: 2 oklob plants


Innate Abilities, Weirdness & Mutations

You are too large for most types of armour.
You have claws for hands.
Your metabolism is lightning-fast.
You like to eat raw meat.
Your natural rate of healing is unusually fast.
You are covered in fur. (AC +1)
You have very tough skin. (AC +2)
Your system is resistant to poisons. (rPois)
Your body has grown golden eyes which may confuse attackers. (Acc +3)
Your translucent skin slightly reduces your foes' accuracy. (Stealth)


Message History

You claw the death yak!
The death yak is lightly wounded.
The death yak gores you!!
You mangle the death yak!!
The death yak is moderately wounded.
You claw the death yak!
The death yak is heavily wounded.
The death yak gores you but does no damage.
You scratch the death yak but do no damage.
The death yak is heavily wounded.
The death yak gores you!!
* * * LOW HITPOINT WARNING * * *
You scratch the death yak but do no damage.
The death yak is heavily wounded.
You claw the death yak!
The death yak is severely wounded.
The death yak gores you!
* * * LOW HITPOINT WARNING * * *
You feel yourself speed up. The death yak gores you!!
You die...

##...##≈ Y## #.###≈## YY.#
#..###≈≈ YY..## ##..#### #.Y..#
###...# #Y...## #..### #...##
##...# #########Y.# ###..
###....##@YY## #..#
###...#....#### ##..
###....####### ###. ##...####
#### ###... ###...##
###..######..### .....##
###..#...#....## #.....##
#..#####...####
###....##########..#..####.#.##
# ###...##...##...#.##..###.#(#


You could see a death yak and 2 yaks.

Vanquished Creatures
  A death yak (IceCv)
  Pikel (D:4)
  A black mamba (Lair:1)
  An ice statue (IceCv)
  2 spiny frogs (Lair:1)
  A centaur skeleton (D:8)
  2 komodo dragons (Lair:1)
  A rime drake (Lair:1)
  7 polar bears (IceCv)
  A hornet (D:10)
  13 yaks (IceCv)
  2 wraiths (D:10)
  2 wyverns
  2 water moccasins
  Duvessa (D:4)
  9 ice beasts
  3 porcupines
  2 orc warriors (D:7)
  2 slaves (D:4)
  2 necrophages
  5 ogres
  18 wolves (IceCv)
  5 centaurs
  A crocodile (D:9)
  4 big kobolds (Sewer)
  5 bullfrogs
  Dowan (D:4)
  2 scorpions (D:5)
  3 killer bees (D:8)
  2 wights (D:9)
  2 howler monkeys
  4 crimson imps
  7 human zombies (D:9)
  2 jellies (D:5)
  2 orc priests (D:7)
  A gnoll shaman (D:7)
  3 hounds
  6 orc wizards
  A human skeleton (D:9)
  Jessica (D:3)
  2 iguanas
  6 worker ants
  2 hound skeletons
  Robin (D:4)
  7 gnolls
  15 adders
  2 river rats (Sewer)
  3 shadow imps
  7 oozes
  7 worms
  7 leopard geckos
  20 orcs
  4 giant cockroaches
  23 goblins
  8 hobgoblins
  17 jackals
  2 quokkas
  4 ball pythons
  11 bats
  5 frilled lizards
  3 jackal skeletons
  12 kobolds
  A leopard gecko zombie (D:5)
  A quokka zombie (D:5)
  14 rats
315 creatures vanquished.

Vanquished Creatures (others)
  A water moccasin (D:8)
  A wolf (IceCv)
  A big kobold (D:9)
  A centaur zombie (D:9)
  17 jellies
  A worker ant (D:9)
  A shadow imp (D:8)
  7 kobolds (D:9)
  An orc zombie (D:9)
  9 fungi
  2 plants (Lair:1)
42 creatures vanquished.

Grand Total: 357 creatures vanquished

Notes
Turn   | Place    | Note
-------+----------+-------------------------------------------
     0 | D:1      | Jerry the Troll Monk began the quest for the Orb.
     0 | D:1      | Reached XP level 1. HP: 22/22 MP: 0/0
   128 | D:1      | Reached XP level 2. HP: 21/29 MP: 1/1
   341 | D:1      | Reached XP level 3. HP: 36/36 MP: 2/2
   781 | D:2      | Found a burning altar of Makhleb.
   781 | D:2      | Found a shimmering altar of Xom.
  1079 | D:2      | Reached XP level 4. HP: 41/45 MP: 3/3
  1272 | D:3      | Noticed Jessica
  1275 | D:3      | Killed Jessica
  1275 | D:3      | Reached skill level 4 in Unarmed Combat
  1292 | D:3      | Noticed a centaur
  1299 | D:3      | Killed a centaur
  1299 | D:3      | Reached XP level 5. HP: 17/53 MP: 4/4
  1405 | D:3      | Found a white marble altar of Elyvilon.
  1405 | D:3      | Found a hide-covered altar of Uskayaw.
  1405 | D:3      | Noticed an angel
  1406 | D:3      | Found a runed door.
  1498 | D:3      | Reached skill level 5 in Unarmed Combat
  1588 | D:3      | Reached XP level 6. HP: 59/61 MP: 5/5
  1589 | D:3      | Found a glowing golden altar of the Shining One.
  2225 | D:4      | Noticed Robin
  2237 | D:4      | Killed Robin
  2353 | D:4      | Found a stormy altar of Qazlal.
  2413 | D:4      | Noticed Dowan
  2415 | D:4      | Noticed Duvessa
  2419 | D:4      | Killed Dowan
  2429 | D:4      | HP: 1/62 [Duvessa/short sword (7)]
  2457 | D:4      | Killed Duvessa
  2457 | D:4      | Reached skill level 6 in Unarmed Combat
  2457 | D:4      | Reached XP level 7. HP: 5/70 MP: 6/6
  2598 | D:4      | Found an ornate altar of the Wu Jian Council.
  2617 | D:4      | Noticed Pikel
  2650 | D:4      | Killed Pikel
  2650 | D:4      | Reached skill level 7 in Unarmed Combat
  2650 | D:4      | Reached XP level 8. HP: 17/79 MP: 7/7
  2733 | D:4      | Found an ancient bone altar of Kikubaaqudgha.
  2771 | D:5      | Entered Level 5 of the Dungeon
  3020 | D:5      | Reached skill level 5 in Fighting
  3080 | D:5      | Reached skill level 5 in Dodging
  3080 | D:5      | Reached skill level 8 in Unarmed Combat
  3834 | D:6      | Found a hazy altar of Hepliaklqana.
  3913 | D:6      | Found a glowing drain.
  3929 | D:6      | Reached XP level 9. HP: 64/88 MP: 6/8
  3977 | Sewer    | Entered a sewer
  4071 | Sewer    | Reached skill level 9 in Unarmed Combat
  4703 | D:6      | Gained mutation: Your system is resistant to poisons.
                  | (rPois) [potion of mutation]
  5020 | D:7      | Found a transporter.
  5050 | D:7      | Noticed VendettaCH's ghost (novice GrFi)
  5066 | D:7      | Found a transporter.
  5191 | D:7      | Found a staircase to the Ecumenical Temple.
  5208 | Temple   | Entered the Ecumenical Temple
  5223 | Temple   | Became a worshipper of Jiyva Jekkecs the Shapeless
  5223 | Temple   | Reached * piety under Jiyva
  5223 | Temple   | Reached ** piety under Jiyva
  5842 | D:8      | Found a blossoming altar of Fedhas.
  5856 | D:8      | Found a blossoming altar of Fedhas.
  5863 | D:8      | Noticed a two-headed ogre
  5970 | D:8      | Reached skill level 10 in Unarmed Combat
  5979 | D:8      | Noticed a death yak
  5979 | D:8      | Noticed a death yak
  6027 | D:7      | HP: 3/89 [two-headed ogre/giant club (11)]
  6272 | D:8      | Reached *** piety under Jiyva
  6280 | D:8      | Found a staircase to the Lair.
  6377 | D:8      | Gained mutation: Your body has grown golden eyes which may
                  | confuse attackers. (Acc +3) [Jiyva's grace]
  6398 | D:8      | Found a bloodstained altar of Trog.
  6509 | D:8      | Found a shadowy altar of Dithmenos.
  6572 | D:8      | Found a deep blue altar of Sif Muna.
  6699 | D:8      | Noticed a death yak
  6851 | D:9      | Reached XP level 10. HP: 93/100 MP: 7/9
  7088 | D:9      | Reached **** piety under Jiyva
  7296 | D:9      | Reached skill level 11 in Unarmed Combat
  7297 | D:9      | Found a basalt altar of Yredelemnul.
  7417 | D:9      | Got a twisted robe
  7418 | D:9      | Identified the +3 robe of Jaurch {rF+ Str+6 Dex+3} (You
                  | found it on level 9 of the Dungeon)
  7513 | D:10     | Entered Level 10 of the Dungeon
  7599 | D:10     | Paralysed by a hornet for 2 turns
  7830 | Lair:1   | Entered Level 1 of the Lair of Beasts
  7830 | Lair:1   | Noticed a six-headed hydra
  7830 | Lair:1   | Noticed a spiny frog
  7832 | Lair:1   | Slimified a six-headed hydra
  7832 | Lair:1   | a six-headed hydra changed into a slime creature
  7839 | Lair:1   | Killed a spiny frog
  7918 | Lair:1   | Gained mutation: Your translucent skin slightly reduces
                  | your foes' accuracy. (Stealth) [Jiyva's grace]
  7951 | Lair:1   | Noticed an oklob plant
  7951 | Lair:1   | Noticed an oklob plant
  8027 | Lair:1   | Noticed a black mamba
  8040 | Lair:1   | Reached skill level 12 in Unarmed Combat
  8044 | Lair:1   | Found a frozen archway.
  8053 | Lair:1   | Killed a black mamba
  8069 | Lair:1   | Reached XP level 11. HP: 70/109 MP: 5/10
  8185 | IceCv    | Entered an ice cave
  8404 | IceCv    | Reached skill level 13 in Unarmed Combat
  8767 | IceCv    | Noticed a death yak
  8767 | IceCv    | Noticed a death yak
  8793 | IceCv    | Killed a death yak
  8800 | IceCv    | Mangled by a death yak

Skill      XL: |  1  2  3  4  5  6  7  8  9 10 11 |
---------------+----------------------------------+-----
Fighting       | 3 4 5 6 7 8 |  8.6
Dodging        | 3 4 5 6 7 8 |  8.6
Unarmed Combat | 4 5 6 7 8 10 12 13 | 13.5
Stealth        | |  1.1

Action                   |  1- 3 |  4- 6 |  7- 9 | 10-12 || total
-------------------------+-------+-------+-------+-------++-------
Melee: Unarmed           |    82 |   189 |   376 |   318 ||   965
       Punch             |       |     6 |    16 |    21 ||    43
Invok: Slimify           |       |       |       |     1 ||     1
Evoke: Wand              |       |       |     2 |       ||     2
  Use: Potion            |       |     1 |     1 |     2 ||     4
       Scroll            |       |       |    16 |     2 ||    18
 Stab: Sleeping          |     2 |     4 |     5 |     3 ||    14
       Confused          |       |       |       |     4 ||     4
  Eat: Chunk             |    11 |    17 |    35 |    14 ||    77
Armor: Robe              |    38 |    64 |    58 |    57 ||   217
Dodge: Dodged            |    45 |   123 |   198 |   186 ||   552
